 Dungeon Crawl Stone Soup version 0.27.1-34-g3ba077fa99 (webtiles) character file.

Game seed: 2734518302812839412

123 cbfl8 the Sneak (level 4, -8/40 HPs)
             Began as a Minotaur Delver on Jan 27, 2022.
             Killed by nerve-wracking pain
             ... invoked by Grinder
              (14 damage)
             ... while paralysed by Grinder
             ... on level 4 of the Dungeon.
             The game lasted 00:07:40 (3264 turns).

cbfl8 the Sneak (Minotaur Delver)                   Turns: 3264, Time: 00:07:41

Health: -8/40      AC: 10    Str: 18    XL:     4   Next: 80%
Magic:  3/3        EV:  2    Int:  7    God:
Gold:   116        SH:  0    Dex: 11    Spells: 2/3 levels left

rFire    . . .     SeeInvis .   a - +0 hand axe
rCold    . . .     Faith    .   (no shield)
rNeg     . . .     Spirit   .   q - +0 plate armour
rPois    .         Reflect  .   (helmet restricted)
rElec    .         Harm     .   (no cloak)
rCorr    .         Rampage  .   (no gloves)
Will     .....                  (no boots)
Stlth    ..........             (no amulet)
HPRegen  0.13/turn              (no ring)
MPRegen  0.08/turn              (no ring)

@: paralysed
A: horns 2, retaliatory headbutt
a: no special abilities


You were on level 4 of the Dungeon.
You visited 1 branch of the dungeon, and saw 5 of its levels.

You collected 116 gold pieces.

Inventory:

Hand Weapons
 a - a +0 hand axe (weapon)
Missiles
 i - 124 stones (quivered)
 k - 37 arrows
 m - 5 poisoned darts
 o - 28 sling bullets
Armour
 b - a +0 leather armour
 l - a +0 ring mail
 q - a +0 plate armour (worn)
Magical Staves
 x - a staff of cold
Wands
 g - a wand of digging (3)
 h - a wand of charming (5)
Scrolls
 c - a scroll of fog
 d - a scroll of magic mapping
 e - a scroll of fear
 n - 2 scrolls of teleportation
 s - a scroll of identify {unknown}
 u - a scroll of summoning {unknown}
 v - a scroll of blinking {unknown}
 w - a scroll of enchant weapon {unknown}
Potions
 f - 2 potions of haste
 j - a potion of might {unknown}
 p - a potion of degeneration {unknown}
 r - 2 potions of magic {unknown}
 t - a potion of berserk rage {unknown}


   Skills:
 + Level 4.1 Fighting
 + Level 3.6 Axes
 + Level 1.6 Armour
 + Level 2.6 Dodging
 + Level 5.0 Stealth


You had 2 spell levels left.
You knew the following spells:

 Your Spells              Type           Power      Damage    Failure   Level
a - Shock                 Conj/Air       0%         1d3       100%        1

Your spell library contained the following spells:

 Spells                   Type           Power      Damage    Failure   Level
 Passwall                 Tmut/Erth      0%         N/A       100%        2
 Slow                     Hex            0%         N/A       100%        2
 Confusing Touch          Hex            0%         N/A       100%        3
 Swiftness                Air            0%         N/A       100%        3
 Vampiric Draining        Necr           0%         2d6       100%        3
 Airstrike                Air            0%         N/A       100%        4
 Invisibility             Hex            0%         N/A       100%        6


Dungeon Overview and Level Annotations

Branches:
Dungeon (5/15)
 Temple: D:4-7

Altars:
Elyvilon
Okawaru
Zin

Shops:
D:3 *

Annotations:
D:4 Grinder, Pikel


Innate Abilities, Weirdness & Mutations

You have a pair of horns on your head.
You reflexively headbutt those who attack you in melee.


Message History

Grinder shouts!
Grinder blinks!
Grinder moves out of view.
Grinder blinks!
Grinder hits you!
You writhe in agony.
Grinder blinks!
Grinder gestures at you.
You suddenly lose the ability to move!
Grinder gestures at you.
You shrug off the repeated paralysis!
Grinder blinks!
You can move again.
Unknown command.
You completely miss Grinder. You headbutt Grinder, but do no damage.
Grinder hits you.
You hit Grinder.
Grinder is lightly wounded.
Grinder hits you but does no damage. x2
You slash Grinder! You headbutt Grinder.
Grinder is heavily wounded.
Grinder hits you.
You writhe in agony.
You closely miss Grinder. Your headbutt misses Grinder.
Grinder is heavily wounded.
Grinder hits you.
You hit Grinder. You headbutt Grinder!
Grinder is almost dead.
Grinder blinks!
You hit Grinder. Your headbutt misses Grinder.
Grinder is almost dead.
Grinder hits you.
You hit Grinder but do no damage. Your headbutt misses Grinder.
Grinder is almost dead.
Grinder gestures at you.
You suddenly lose the ability to move!
Grinder hits you!
* * * LOW HITPOINT WARNING * * *
You writhe in agony.
* * * LOW HITPOINT WARNING * * *
Grinder gestures at you. Pain shoots through your body!
You die...

....####.#...#
#......<# .####
#.#.### #.#######
.#######.#.# #.#
.......#.#.# #.#
.......#...# ###
#.###### .......##.†#
..# #......###
.......##..# #.#
####.....#
.......###.## #5#
#.#.#.# .......# #..#
#@# #.#.#.# .......#
#..####.#######.#.#.#
.......#
#.............#.#...#
########
#..####.#####.#.######
#...# #.#............#
#...# ....)###.#####.#
#...#####..#.....# #.#
#.#..# #..###.#.# #.#
#.#..####..# #.#.# #.#


You could see Grinder.

Vanquished Creatures
  A bullfrog skeleton (D:4)
  A killer bee zombie (D:3)
  An adder (D:2)
  An adder skeleton (D:4)
  3 dart slugs
  An orc (D:1)
  4 bats
  5 endoplasms
  4 giant cockroaches
  3 goblins
  8 hobgoblins
  3 quokkas
  8 ball pythons
  4 frilled lizards (D:1)
  2 kobolds
  5 rats
54 creatures vanquished.

Notes
Turn   | Place    | Note
-------+----------+-------------------------------------------
     0 | D:5      | cbfl8 the Minotaur Delver began the quest for the Orb.
     0 | D:5      | Reached XP level 1. HP: 19/19 MP: 0/0
   123 | D:4      | Reached XP level 2. HP: 4/27 MP: 1/1
   123 | D:4      | Reached XP level 3. HP: 6/33 MP: 2/2
   854 | D:1      | Learned a level 1 spell: Shock
  1390 | D:2      | Reached XP level 4. HP: 39/40 MP: 3/3
  1531 | D:2      | Found a faded altar of an unknown god.
  1939 | D:3      | Reached skill level 1 in Armour
  1939 | D:3      | Reached skill level 5 in Stealth
  2226 | D:3      | Found Zin's Purification Station.
  2226 | D:3      | Found a glowing silver altar of Zin.
  2306 | D:3      | Found a white marble altar of Elyvilon.
  2381 | D:3      | Found an iron altar of Okawaru.
  2904 | D:4      | Noticed Pikel
  2904 | D:4      | Noticed a lemure
  2904 | D:4      | Noticed a lemure
  2904 | D:4      | Noticed a lemure
  2906 | D:4      | Noticed a lemure
  2916 | D:4      | HP: 2/40 [Pikel (1)]
  3241 | D:4      | Noticed Grinder
  3246 | D:4      | Paralysed by Grinder for 7 turns
  3262 | D:4      | Paralysed by Grinder for 7 turns
  3264 | D:4      | Killed from afar by Grinder

Illustrated notes

Levels and vault maps discovered:
D:1:      erik_arrival_orb_chamber, layout_loops_ring
D:2:      layout_basic, shapermc_ecumenical_altar_totnotflames, st_stairs_7
D:3:      layout_basic, kennysheep_okawaru_gauntlet,
          mainiacjoe_overflow_surrounded_room, zin_purify
D:4:      layout_basic, uniq_pikel, uniq_grinder
D:5:      layout_loops_corners, vehumet_altar_wand_db,
          minmay_temple_entry_enclosed_plants, chequers_avenue, nrook_campfire

Skill      XL: |  1  2  3  4 |
---------------+-------------+-----
Fighting       | 4 |  4.1
Axes           | 3 |  3.6
Armour         | 1 |  1.6
Stealth        | 5 |  5.0
Dodging        | |  2.6

Action                   |  1- 3 |  4- 6 || total
-------------------------+-------+-------++-------
Melee: Hand axe          |    74 |    58 ||   132
       Headbutt          |     7 |    15 ||    22
  Use: Scroll            |       |     3 ||     3
 Stab: Sleeping          |     4 |       ||     4
Armor: Leather armour    |     8 |       ||     8
       Ring mail         |    16 |     3 ||    19
       Plate armour      |       |    41 ||    41
Dodge: Dodged            |    60 |    21 ||    81
